 Dungeon Crawl Stone Soup version 0.29-a0-632-g781b4ac09e (webtiles) character file.

Game seed: 11172190053406472907

100 Glafi the Skirmisher (level 4, -1/42 HPs)
             Began as a Minotaur Fighter on June 19, 2022.
             Slain by an orc priest
             ... wielding a +0 trident
              (5 damage)
             ... on level 3 of the Dungeon.
             The game lasted 00:13:29 (1849 turns).

Glafi the Skirmisher (Minotaur Fighter)             Turns: 1849, Time: 00:13:30

Health: -1/42      AC:  7    Str: 23    XL:     4   Next: 47%
Magic:  3/3        EV:  9    Int:  5    God:
Gold:   114        SH:  4    Dex:  9    Spells: 3/3 levels left

rFire   . . .      SeeInvis .   a - +0 war axe
rCold   . . .      Faith    .   c - +0 buckler
rNeg    . . .      Spirit   .   b - +0 scale mail
rPois   .          Reflect  .   (helmet restricted)
rElec   .          Harm     .   (no cloak)
rCorr   .          Rampage  .   (no gloves)
Will    .....                   (no boots)
Stlth   ..........              (no amulet)
HPRegen 0.14/turn               (no ring)
MPRegen 0.08/turn               (no ring)

@: no status effects
A: horns 2, retaliatory headbutt
a: no special abilities


You were on level 3 of the Dungeon.
You visited 1 branch of the dungeon, and saw 3 of its levels.

You collected 114 gold pieces.

Inventory:

Hand Weapons
 a - a +0 war axe (weapon)
Armour
 b - a +0 scale mail (worn)
 c - a +0 buckler (worn)
Jewellery
 j - a ring of willpower
Scrolls
 f - 4 scrolls of identify {unknown}
 h - a scroll of magic mapping {unknown}
 i - a scroll of teleportation {unknown}
 n - a scroll of poison {unknown}
 o - 2 scrolls of amnesia {unknown}
Potions
 d - 2 potions of might
 e - a potion of resistance {unknown}
 g - 2 potions of heal wounds {unknown}
 k - a potion of attraction {unknown}
 l - 3 potions of degeneration {unknown}
 m - a potion of invisibility {unknown}


   Skills:
 * Level 5.1 Fighting
 + Level 3.5 Axes
 + Level 4.1 Armour
 + Level 0.3 Dodging
 + Level 4.1 Shields


You had 3 spell levels left.
You didn't know any spells.
Your spell library contained the following spells:

 Spells                   Type           Power      Damage    Failure   Level
 Ignite Poison            Fire/Tmut/Pois 0%         N/A       99%         3
 Mephitic Cloud           Conj/Pois/Air  0%         N/A       99%         3
 Olgreb's Toxic Radiance  Pois           0%         N/A       100%        4
 Freezing Cloud           Conj/Ice/Air   0%         6-21      100%        5
 Ozocubu's Refrigeration  Ice            0%         4d5       100%        7
 Ignition                 Fire           0%         3d3       100%        8


Dungeon Overview and Level Annotations

Branches:
Dungeon (3/15)

Altars:
Kikubaaqudgha

Shops:
D:2 [


Innate Abilities, Weirdness & Mutations

You have a pair of horns on your head.
You reflexively headbutt those who attack you in melee.


Message History

You kill the goblin!
You miss something. The orc priest barely misses you.
You barely miss the orc. You closely miss something. The orc barely misses you.
The orc priest hits you from afar with a +0 trident.
Something hits you but does no damage.
You closely miss something. You barely miss the orc.
The orc priest hits you from afar with a +0 trident.
The orc barely misses you.
The orc priest hits you but does no damage.
You slash the orc!
You kill the orc!
You miss something. The orc priest closely misses you.
You hit the rat but do no damage. You barely miss something.
Something hits you but does no damage.
The orc priest hits you from afar with a +0 trident.
You block the rat's attack.
You slash the rat!
You kill the rat!
You barely miss something. Something hits you but does no damage.
The orc priest hits you from afar with a +0 trident.
The orc priest hits you but does no damage.
You block the orc's attack. Something hits you but does no damage.
You barely miss the orc. You hit something. Something hits you.
You block the orc's attack. The orc priest closely misses you.
You closely miss the orc. You headbutt the orc.
The orc is moderately wounded.
You barely miss something.
You hear some strange, mumbled words.
A magic dart appears from out of thin air!
The magic dart hits you.
The orc priest hits you from afar with a +0 trident.
The orc completely misses you. You furiously retaliate!
You headbutt the orc. Something hits you.
The orc priest mumbles some strange prayers to Beogh against you.
Beogh smites you!
* * * LOW HITPOINT WARNING * * *
You miss something. You closely miss the orc.
Something hits you but does no damage. You block the orc's attack.
The orc priest hits you from afar with a +0 trident.
You die...

### .##### ##.. .....# #..
#....# #†# ....# ###.#
....### #<..# #.. ..#
#.### #.##..#.o #.#
#@#...r.. #†# #{o.# ###.#
##.o# .K #...# #..# ..
.)### #..#.#... .##
###.........
###############..).#......
#..................##.....
).############†##.## .....


You could see an orc priest and an orc.

Vanquished Creatures
  2 adders
  A worm (D:2)
  2 dart slugs (D:1)
  4 orcs (D:3)
  4 bats
  4 endoplasms
  2 giant cockroaches
  10 goblins
  7 hobgoblins
  A jackal (D:2)
  6 kobolds
  6 quokkas
  6 ball pythons
  3 frilled lizards (D:1)
  6 rats
64 creatures vanquished.

Notes
Turn   | Place    | Note
-------+----------+-------------------------------------------
     0 | D:1      | Glafi the Minotaur Fighter began the quest for the Orb.
     0 | D:1      | Reached XP level 1. HP: 19/19 MP: 0/0
   134 | D:1      | Reached skill level 4 in Fighting
   134 | D:1      | Reached XP level 2. HP: 27/27 MP: 1/1
   565 | D:1      | Found a faded altar of an unknown god.
   572 | D:1      | Reached XP level 3. HP: 28/34 MP: 2/2
   884 | D:2      | Found Fiumpa's Armour Boutique.
  1257 | D:2      | Reached XP level 4. HP: 41/41 MP: 3/3
  1280 | D:2      | Found an ancient bone altar of Kikubaaqudgha.
  1829 | D:3      | Reached skill level 5 in Fighting
  1849 | D:3      | Slain by an orc priest

Illustrated notes

Levels and vault maps discovered:
D:1:      lightli_arrival_flooded_house, layout_basic, basic_ecumenical_altar
D:2:      layout_basic, basic_altar, serial_shops, shop, minmay_hexomino_c4
D:3:      layout_rooms, uniq_jessica

Skill      XL: |  1  2  3  4 |
---------------+-------------+-----
Fighting       | 4 5 |  5.1
Armour         | 4 |  4.1
Shields        | 4 |  4.1
Axes           | 3 |  3.5
Dodging        | |  0.3

Action                   |  1- 3 |  4- 6 || total
-------------------------+-------+-------++-------
Melee: War axe           |    88 |    43 ||   131
       Headbutt          |    11 |     4 ||    15
Armor: Scale mail        |    39 |    24 ||    63
Dodge: Dodged            |    40 |    18 ||    58
Block: Buckler           |    25 |    10 ||    35

Table legend: (Time is in decaauts)
 A = Elapsed time spent in this place.
 B = Non-inter-level travel time spent in this place.
 C = Inter-level travel time spent in this place.
 D = Time resting spent in this place.
 E = Time spent auto-exploring this place.
 F = Levels seen in this place.
 G = Mean time per level.
                   A        B        C        D        E       F      G
               +--------+--------+--------+--------+--------+-----+--------+
         Total |   1900 |   1860 |     40 |    157 |   1331 |   3 |  633.3 |
       Dungeon |   1900 |   1860 |     40 |    157 |   1331 |   3 |  633.3 |
               +--------+--------+--------+--------+--------+-----+--------+

Top non-repeatable levels by time:
     D:2: 1017 daAuts
     D:1: 718 daAuts
     D:3: 164 daAuts
